 Dungeon Crawl Stone Soup version 0.15-a0-717-ga3c592f (webtiles) character file.

521 4tharraofdagon the Insei (level 7, 14/62 HPs)
             Began as a Naga Transmuter on May 10, 2014.
             Was an Initiate of Cheibriados.
             Quit the game in the Ecumenical Temple.
             The game lasted 00:11:42 (1213 turns).

4tharraofdagon the Insei (Naga Transmuter)          Turns: 1213, Time: 00:11:42

HP  14/62        AC  3     Str 13      XL: 7   Next: 21%
MP  14/15        EV 10     Int 14      God: Cheibriados [......]
Gold 76          SH  0     Dex 15      Spells:  3 memorised,  3 levels left

rFire  . . .     SeeInvis +       - Unarmed
rCold  . . .     Clarity  .     c - +0 robe
rNeg   . . .     Conserve .     (no shield)
rPois  +         rCorr    .     (no helmet)
rElec  .         rRot     .     (no cloak)
SustAb . .       Spirit   .     (no gloves)
rMut   .         Warding  .     (no barding)
Gourm  .         Stasis   .     (no amulet)
MR     .....                    (no ring)
                                (no ring)

@: very slow, not resistant to hostile enchantments, very unstealthy
A: spit poison, see invisible, deformed body, poison resistance, slowness 2, AC
+2
a: Spit Poison, Bend Time, Renounce Religion


You were in the Ecumenical Temple.
You worshipped Cheibriados.
Cheibriados was noncommittal.
You were not hungry.

You visited 2 branches of the dungeon, and saw 7 of its levels.
You also visited: Ossuary.

You collected 76 gold pieces.

Inventory:

Hand weapons
 j - a +0 blowgun
Missiles
 b - 12 arrows
 h - 3 needles of paralysis
 k - 3 poisoned needles
Armour
 c - a +0 robe (worn)
Magical devices
 g - a wand of lightning (0)
 m - a wand of magic darts (3)
Comestibles
 a - 2 bread rations
 i - a meat ration
 l - a chunk of ball python flesh
Scrolls
 o - a scroll of identify
Books
 d - a book of Changes

   Spells                             Type                      Level
   *Beastly Appendage                 Transmutation                1
   Sticks to Snakes                   Transmutation                2
   *Spider Form                       Transmutation/Poison         3
   Ice Form                           Ice/Transmutation            4
   *Blade Hands                       Transmutation                5


   Skills:
 + Level 3.1(1.6) Fighting
 + Level 2.7(1.4) Dodging
 * Level 5.1(2.6) Unarmed Combat
 + Level 3.3(1.7) Spellcasting
 + Level 3.5(1.8) Transmutations


You had 3 spell levels left.
You knew the following spells:

 Your Spells              Type           Power        Failure   Level  Hunger
a - Beastly Appendage     Trmt           #.....       14%         1    ##.....
b - Spider Form           Trmt/Pois      #.........   61%         3    ####...
c - Blade Hands           Trmt           #.........   100%        5    ######.


Dungeon Overview and Level Annotations

Branches:
Dungeon (6/15)             Temple (1/1) D:6

Altars:
Ashenzari
Cheibriados
Dithmenos
Fedhas
Gozag
Kikubaaqudgha
Makhleb
Okawaru
Qazlal
Trog
Vehumet
Xom
The Shining One


Innate Abilities, Weirdness & Mutations

You cannot wear boots.
You can spit poison.
Your serpentine skin is tough (AC +2).*
You have supernaturally acute eyesight.
Armour fits poorly on your strangely shaped body.*
Your system is resistant to poisons.*
You cover ground very slowly.*


Message History

Moving in this stuff is going to be slow.
Found a staircase to the Ecumenical Temple.
There is a staircase to the Ecumenical Temple here.
You climb downwards.
Welcome to the Ecumenical Temple!
Found a shimmering altar of Xom and an opulent altar of Gozag.
There is a staircase back to the Dungeon here.
Unknown command.
Found an iron altar of Okawaru and a snail-covered altar of Cheibriados.
There is a snail-covered altar of Cheibriados here.
You coil in front of the altar of Cheibriados.
You have lost your religion!
Ashenzari does not appreciate desertion!
Cheibriados welcomes you!
Cheibriados begins to support your attributes as your movement slows.
You can now bend time to slow others.
Enter note: Welcome back, 4tharraofdagon the Naga Transmuter.
Cheibriados says: Take it easy.
Press ? for a list of commands and other information.
Are you sure you want to abandon this character and quit the game? (Confirm with "yes".)

### ... ###.###
##.....## #..._...# ._.
#.......# ... ##..@..##
... ###.### #.# #.# #.#
#..#####.#######.#######
#......................
#.......................
#...⌠..........<........
#.......................
#......................


There were no monsters in sight!

Vanquished Creatures
  An ice beast (D:4)
  An ogre (D:5)
  A phantom (D:4)
  Duvessa (D:4)
  Dowan (D:4)
  An orc wizard (D:3)
  3 worker ants (D:4)
  A worm (D:3)
  2 adder zombies (Ossuary)
  4 orcs
  2 giant cockroaches (D:4)
  2 goblins
  5 hobgoblins
  A quokka (D:4)
  2 ball pythons (D:4)
  4 bats (D:3)
  2 giant newts (D:3)
  4 kobolds
  A kobold skeleton (D:4)
  4 rats (D:5)
43 creatures vanquished.

Notes
Turn   | Place    | Note
--------------------------------------------------------------
     0 | D:1      | 4tharraofdagon, the Naga Transmuter, began the quest for the Orb.
     0 | D:1      | Reached XP level 1. HP: 18/18 MP: 3/3
    89 | D:3      | Reached XP level 2. HP: 22/25 MP: 4/4
   205 | D:3      | Noticed an orc wizard
   226 | D:3      | Killed an orc wizard
   226 | D:3      | Reached XP level 3. HP: 8/32 MP: 3/6
   306 | D:3      | Learned a level 3 spell: Spider Form
   319 | D:4      | Reached XP level 4. HP: 17/39 MP: 8/8
   534 | D:4      | Found a glowing golden altar of the Shining One.
   606 | D:4      | Found a burning altar of Makhleb.
   610 | D:4      | Found an ancient bone altar of Kikubaaqudgha.
   617 | D:4      | Found a shattered altar of Ashenzari.
   620 | D:4      | Found a blossoming altar of Fedhas.
   625 | D:4      | Found a stormy altar of Qazlal.
   628 | D:4      | Found a radiant altar of Vehumet.
   633 | D:4      | Found a shadowy altar of Dithmenos.
   647 | D:4      | Became a worshipper of Ashenzari the Shackled
   648 | D:4      | Bart style
   666 | D:4      | Noticed Dowan
   671 | D:4      | Noticed Duvessa
   675 | D:4      | Killed Dowan
   675 | D:4      | Reached skill level 4 in Unarmed Combat
   675 | D:4      | Reached XP level 5. HP: 21/45 MP: 9/9
   677 | D:4      | Killed Duvessa
   735 | D:4      | Reached XP level 6. HP: 28/55 MP: 9/11
   742 | D:4      | Learned a level 5 spell: Blade Hands
   748 | D:4      | Noticed a phantom
   754 | D:4      | Found a sand-covered staircase.
   754 | D:4      | Noticed an ice beast
   761 | D:4      | Killed an ice beast
   803 | D:4      | HP: 2/55 [phantom (8)]
   809 | D:4      | Killed a phantom
   822 | Ossuary  | Entered an ossuary
   956 | Ossuary  | WTF
   956 | Ossuary  | two adler zombies took half of my hp
  1077 | D:5      | Entered Level 5 of the Dungeon
  1077 | D:5      | Found a bloodstained altar of Trog.
  1077 | D:5      | Noticed a moth of wrath
  1108 | D:5      | Reached skill level 5 in Unarmed Combat
  1108 | D:5      | Reached XP level 7. HP: 40/62 MP: 15/15
  1115 | D:5      | ctrl+q
  1147 | D:5      | HP: 2/62 [acid (16)]
  1184 | D:6      | Found a staircase to the Ecumenical Temple.
  1194 | Temple   | Entered the Ecumenical Temple
  1210 | Temple   | Fell from the grace of Ashenzari
  1210 | Temple   | Became a worshipper of Cheibriados the Contemplative
  1213 | Temple   | Quit the game

Action                   |  1- 3 |  4- 6 |  7- 9 || total
-------------------------+-------+-------+-------++-------
Melee: Unarmed           |    31 |    67 |     5 ||   103
 Cast: Beastly Appendage |     2 |       |       ||     2
       Spider Form       |       |     2 |     3 ||     5
 Abil: Spit Poison       |    19 |    14 |       ||    33
Evoke: Wand              |     1 |     9 |     2 ||    12
  Use: Potion            |     2 |     4 |     2 ||     8
       Scroll            |     1 |       |     1 ||     2

Vault maps used:
D:1:      scummos_arrival_hexagon
D:3:      first_bread, serial_forest, infiniplex_forest_end_2,
          infiniplex_forest_lined_room_2, infiniplex_forest_clump_double,
          infiniplex_forest_corner_1, infiniplex_forest_end_1,
          infiniplex_forest_end_1, uniq_crazy_yiuf_cottage
D:4:      tso_oasis_becter, grunt_temple_overflow_octagram, enter_ossuary_3,
          uniq_duvessa
D:5:      tgw_trog, uniq_prince_ribbit1
D:6:      lemuel_castle_with_subvaults, temple_pool_b, minivault_14
Temple:   chambers_temple_10
Ossuary:  ossuary_tomb_2
